Map: Old Sun Temple LE

Players

Serral

  • Race: Zerg Zerg
  • League: Master

Reynor - Winner!

  • Race: Zerg Zerg
  • League: Master

VOD

Have the link to the VOD?

Description

Time

  • Played on: July 5, 2026, 2:18 p.m.
  • Length: 6:37
Show
View Real Time Build Order
Export as new Build Order

Serral Zerg 

Build Orders: Hatch First 

Get SALT Encoding   

  8  0:00  Drone  
  9  0:09  Drone  
  10  0:16  Drone  
  11  0:27  Overlord  
  11  0:33  Drone  
  12  0:46  Drone x2  
  14  0:50  Drone  
  15  1:11  Hatchery  
  15  1:15  Drone  
  15  1:19  Drone  
  15  1:22  Drone  
  17  1:37  Spawning Pool  
  16  1:41  Extractor  
  16  1:42  Drone  
  16  1:45  Drone  
  17  1:50  Drone  
  18  2:00  Drone  
  19  2:09  Overlord  
  19  2:19  Drone  
  20  2:24  Queen  
  20  2:26  Queen  
  20  2:29  Drone  
  25  2:32  Drone  
  25  2:36  Drone  
  27  2:41  Metabolic Boost  
  27  2:46  Drone  
  28  2:52  Drone  
  28  2:53  Drone  
  28  2:56  Overlord  
  30  2:59  Drone  
  30  3:03  Drone  
  32  3:17  Hatchery, Drone  
  32  3:24  Zergling x2  
  32  3:25  Zergling x4  
  35  3:28  Zergling x2  
  35  3:33  Zergling x2  
  35  3:34  Zergling x6  
  40  3:36  Overlord  
  40  3:41  Baneling Nest  
  40  3:42  Zergling x2  
  40  3:55  Zergling x2  
  41  3:56  Overlord  
  41  3:58  Drone x2  
  43  4:05  Zergling x10  
  47  4:18  Drone x4  
  47  4:24  Zergling x2  
  52  4:25  Baneling x2  
  52  4:31  Drone  
  52  4:32  Drone, Extractor, Roach Warren  
  52  4:35  Drone  
  53  4:39  Drone x2  
  53  4:44  Overlord, Drone x2  
  57  4:50  Zergling x2  
  57  4:56  Queen  
  57  4:57  Overlord  
  59  5:05  Drone  
  60  5:11  Drone  
  67  5:14  Roach x3  
  67  5:15  Overlord  
  67  5:17  Roach x3  
  67  5:18  Overlord  
  73  5:24  Roach  
  74  5:31  Overlord  
  74  5:36  Roach x4  
  74  5:40  Baneling x2  
  82  5:45  Roach  
  79  5:53  Roach, Zergling x2  
  79  5:54  Zergling x4, Roach  
  77  5:58  Roach, Zergling x10  
  77  6:01  Roach  
  75  6:08  Roach  
  75  6:11  Roach  
  76  6:12  Zergling x2  
  76  6:14  Zergling x2  
  76  6:15  Zergling x2  
Show
View Real Time Build Order
Export as new Build Order

Reynor Zerg - Winner!

Build Orders: Hatch First 

Get SALT Encoding   

  8  0:00  Drone  
  9  0:10  Drone  
  10  0:16  Drone  
  11  0:22  Drone  
  12  0:32  Overlord  
  12  0:39  Extractor  
  12  0:40  Drone  
  13  0:51  Drone x2  
  15  1:12  Hatchery  
  15  1:15  Drone  
  15  1:19  Drone  
  15  1:23  Drone  
  17  1:38  Spawning Pool  
  16  1:40  Drone  
  16  1:43  Drone  
  18  1:49  Extractor  
  18  1:50  Drone  
  18  2:00  Drone  
  19  2:11  Overlord  
  19  2:19  Drone  
  20  2:24  Drone  
  20  2:25  Queen  
  20  2:29  Queen  
  25  2:31  Drone  
  25  2:33  Drone  
  27  2:40  Drone  
  27  2:43  Drone  
  29  2:49  Overlord  
  29  2:51  Metabolic Boost  
  29  2:55  Drone  
  30  3:00  Drone  
  30  3:04  Drone  
  32  3:09  Drone  
  33  3:13  Drone  
  34  3:22  Hatchery  
  34  3:24  Overlord  
  33  3:30  Zergling x4  
  36  3:34  Zergling x8  
  36  3:38  Zergling x2  
  40  3:42  Zergling x4  
  40  3:43  Drone  
  40  3:46  Zergling x2  
  44  3:51  Roach Warren  
  44  3:53  Drone  
  44  3:56  Overlord  
  44  4:02  Zergling x2  
  45  4:04  Zergling x6  
  47  4:10  Zergling x2  
  47  4:11  Overlord  
  47  4:23  Overlord  
  47  4:32  Roach x4  
  47  4:36  Baneling Nest  
  47  4:37  Roach x2  
  58  4:42  Roach x2  
  63  4:45  Zergling x4  
  63  4:54  Roach x2  
  63  4:56  Zergling x4  
  63  4:59  Zergling x2  
  70  5:00  Zergling x2  
  70  5:03  Zergling x2  
  70  5:04  Zergling x2  
  73  5:09  Overlord  
  73  5:13  Zergling x4  
  75  5:27  Baneling x3  
  75  5:29  Zergling x14  
  75  5:33  Zergling x2  
  75  5:34  Baneling  
  83  5:37  Zergling x2  
  83  5:41  Baneling  
  84  5:45  Overlord  
  84  5:47  Overlord  
  81  5:58  Zergling x8  
  81  6:00  Zergling x2  
  81  6:01  Zergling x2  
  81  6:03  Zergling x6  
  82  6:06  Zergling x4  
  74  6:11  Zergling x2  
  74  6:12  Zergling x4  
  74  6:16  Baneling x2  
  74  6:17  Zergling x4  
  75  6:20  Zergling x2  
Tags
 
Add a new tag
Caveats
  • Supply blocks, unpowered buildings, or Contaminate may cause inaccurate times.
  • Supply counts are checked every 10 seconds.